 Dungeon Crawl Stone Soup version 0.31-a0-152-g6aa68a64a1 (webtiles) character file.

Game seed: 13333523167282198464

4608 qw the Skirmisher (level 10, -3/96 HPs)
             Began as a Naga Hunter on June 9, 2023.
             Was an Initiate of Okawaru.
             Shot with an arrow by a skeletal warrior (6 damage)
             ... on level 9 of the Dungeon.
             The game lasted 00:03:10 (8721 turns).

qw the Skirmisher (Naga Hunter)                     Turns: 8721, Time: 00:03:10

Health: -3/96      AC:  9    Str: 20    XL:     10   Next: 42%
Magic:  8/10       EV: 15    Int: 10    God:    Okawaru [......]
Gold:   541        SH:  5    Dex: 18    Spells: 9/9 levels left

rFire   . . .        j - +0 orcbow
rCold   . . .        (shield currently unavailable)
rNeg    + . .        g - +2 robe {rN+}
rPois   +            (no helmet)
rElec   .            (no cloak)
rCorr   .            d - +1 pair of gloves
SInv    +            (no barding)
Will    +....        n - amulet of reflection
Stlth   ++++         l - +6 ring of strength
HPRegen 0.36/turn    (no ring)
MPRegen 0.12/turn

%: reflection
@: heroic, very slow
A: AC +3, large, see invisible, deformed body, poison resistance, slowness 2,
spit poison 1, naga tail 1
a: Spit Poison, Renounce Religion


You were on level 9 of the Dungeon.
You worshipped Okawaru.
Okawaru was noncommittal.
You visited 2 branches of the dungeon, and saw 10 of its levels.

You collected 541 gold pieces.


Innate Abilities, Weirdness & Mutations

Your serpentine skin is tough. (AC +3)
You have supernaturally acute eyesight. (SInv)
Armour fits poorly on your strangely shaped body.
Your system is resistant to poisons. (rPois)
You cover ground very slowly.
You can spit poison.
You have a snake-like lower body.


   Skills:
 - Level 8.0(13.0) Fighting
 + Level 11.3(16.3) Ranged Weapons
 - Level 1.1(6.1) Armour
 - Level 4.3(9.3) Dodging
 - Level 1.5(6.5) Stealth
 - Level 0.1 Invocations


You had 9 spell levels left.
You didn't know any spells.
Your spell library was empty.

Inventory:

Hand Weapons
 j - a +0 orcbow (weapon)
Armour
 d - a +1 pair of gloves (worn)
 g - a +2 robe of positive energy (worn)
Jewellery
 k - a ring of fire
 l - a +6 ring of strength (left hand)
 n - an amulet of reflection (around neck)
Scrolls
 b - 2 scrolls of identify
Potions
 a - a potion of resistance
 e - a potion of might
 f - a potion of mutation
 h - a potion of curing
 i - a potion of haste

Dungeon Overview and Level Annotations

Branches:
Dungeon (9/15)             Temple (1/1) D:5
   Lair: D:8-11         Orc: D:9-12

Altars:
Ashenzari
Cheibriados
Dithmenos
Elyvilon
Fedhas
Hepliaklqana
Kikubaaqudgha
Makhleb
Nemelex Xobeh
Okawaru
Qazlal
Ru
Sif Muna
Trog
Uskayaw
Xom
Yredelemnul
Zin
The Shining One

Shops:
D:7 (

Portals:
Abyss: D:3

Annotations:
D:2 1 runed translucent door, Crazy Yiuf
D:3 2 transporters, qw's ghost, weakling MiHu


Message History

The acid dragon bites you!
The acid dragon claws you but does no damage.
You shoot an arrow.
The arrow completely misses the acid dragon.
The acid dragon bites you. The acid dragon claws you.
You shoot an arrow. The arrow hits the acid dragon.
You kill the acid dragon!
Okawaru accepts your kill.
You can now gain great but temporary skills.
You start resting.
A skeletal warrior comes into view.
It is wielding a +6 shortbow of freezing.
8715 ||| INVOKING Heroism.
You gain the combat prowess of a mighty hero.
You can no longer gain great but temporary skills.
You shoot an arrow.
The arrow barely misses the skeletal warrior.
The skeletal warrior shoots an arrow.
The arrow hits you!! The arrow freezes you.
8717 ||| DRINKING potion of heal wounds.
You feel much better.
The skeletal warrior shoots an arrow.
The arrow hits you!! The arrow freezes you.
You shoot an arrow.
The arrow closely misses the skeletal warrior.
The skeletal warrior shoots an arrow.
You block the arrow with an invisible shield... and reflect it back!
The arrow hits the skeletal warrior!
The arrow freezes the skeletal warrior.
You shoot an arrow.
The arrow hits the skeletal warrior but does no damage.
The skeletal warrior is moderately damaged.
The skeletal warrior shoots an arrow.
You block the arrow with an invisible shield... and reflect it back!
The arrow completely misses the skeletal warrior.
You shoot an arrow.
The arrow closely misses the skeletal warrior.
You shoot an arrow.
The arrow closely misses the skeletal warrior.
The skeletal warrior shoots an arrow.
The arrow hits you!! The arrow freezes you.
You die...

#.....###### .#
#..?...######.#
####.###<.....#####
#.##............
######.#.%...z....###.
...##..#..............
##.#...#...#.#.######
....).##...#.##)##
....))[...##.##.@#
.....##...#...##.%#
.....##..##... ##.)#
##%#.##..#..#.. #..#
#..#.##.##.. .. #...
#.##.#..# #.## ..
#...## .# ## #... #


You could see a skeletal warrior.

Vanquished Creatures
  2 tengu conjurers (D:8)
  A steam dragon (D:7)
  2 acid dragons (D:9)
  Duvessa (D:5)
  A water moccasin (D:5)
  2 ice beasts (D:7)
  3 sky beasts
  2 orc warriors
  4 centaurs
  2 phantoms
  A kobold brigand (D:8)
  5 bullfrogs
  A gnoll sergeant (D:7)
  6 scorpions
  Dowan (D:5)
  3 killer bees (D:9)
  3 howler monkeys
  5 orc priests
  2 hounds
  A gnoll bouda (D:6)
  8 sleepcaps
  8 iguanas
  12 orc wizards
  13 gnolls
  10 adders
  3 ufetubi (D:6)
  3 worms
  A dart slug (D:3)
  31 orcs
  8 ball pythons
  3 bats
  8 endoplasms
  4 giant cockroaches
  6 goblins
  13 hobgoblins
  6 jackals
  9 kobolds
  3 quokkas
  4 frilled lizards
  4 rats
205 creatures vanquished.

Notes
Turn   | Place    | Note
-------+----------+-------------------------------------------
     0 | D:1      | qw the Naga Hunter began the quest for the Orb.
     0 | D:1      | Reached XP level 1. HP: 19/19 MP: 1/1
     0 | D:1      | 0 ||| qw: Version: 0.2-a-122-gbc61b45
     0 | D:1      | 0 ||| qw: Game counter: 3274
     0 | D:1      | 0 ||| qw: Always use a shield: true
     0 | D:1      | 0 ||| qw: God list: Okawaru
     0 | D:1      | 0 ||| qw: Allow faded altars: false
     0 | D:1      | 0 ||| qw: Do Orc after D:15 true
     0 | D:1      | 0 ||| qw: Do second Lair branch before Depths: true
     0 | D:1      | 0 ||| qw: Lair rune preference: random
     0 | D:1      | 0 ||| qw: Plans: Normal
     0 | D:1      | 0 ||| PLANNING D:1-11
    13 | D:1      | 13 ||| INVOKING Spit Poison.
    62 | D:1      | 62 ||| INVOKING Spit Poison.
    67 | D:1      | 67 ||| INVOKING Spit Poison.
    69 | D:1      | Reached skill level 4 in Ranged Weapons
    69 | D:1      | Reached XP level 2. HP: 26/26 MP: 2/2
   142 | D:1      | 142 ||| INVOKING Spit Poison.
   146 | D:1      | 146 ||| INVOKING Spit Poison.
   172 | D:1      | 172 ||| INVOKING Spit Poison.
   209 | D:1      | 209 ||| INVOKING Spit Poison.
   215 | D:1      | 215 ||| INVOKING Spit Poison.
   228 | D:1      | 228 ||| INVOKING Spit Poison.
   282 | D:1      | 282 ||| INVOKING Spit Poison.
   304 | D:1      | 304 ||| INVOKING Spit Poison.
   306 | D:1      | Reached XP level 3. HP: 32/32 MP: 3/3
   309 | D:1      | 309 ||| INVOKING Spit Poison.
   320 | D:1      | 320 ||| INVOKING Spit Poison.
   346 | D:1      | 346 ||| INVOKING Spit Poison.
   365 | D:1      | 365 ||| INVOKING Spit Poison.
   370 | D:1      | 370 ||| INVOKING Spit Poison.
   472 | D:1      | 472 ||| INVOKING Spit Poison.
   473 | D:1      | 473 ||| INVOKING Spit Poison.
   598 | D:1      | 598 ||| READING scroll labelled MOUCKOPREPEA.
   599 | D:1      | 599 ||| READING scroll labelled RACAMO GELUOGAE.
   600 | D:1      | 600 ||| READING 2 scrolls labelled UVVUCE XUOPHIHOSOA.
   603 | D:1      | 603 ||| READING scroll labelled XAMEUTR YHEUFYTA.
   604 | D:1      | 604 ||| READING scroll labelled RUMESK QUARCH.
   605 | D:1      | 605 ||| READING scroll labelled KOIXKA UDDIMU.
   606 | D:1      | 606 ||| READING scroll labelled JICWUE WARIRCH.
   607 | D:1      | 607 ||| DROPPING scroll of butterflies.
   645 | D:2      | 645 ||| INVOKING Spit Poison.
   685 | D:2      | 685 ||| INVOKING Spit Poison.
   688 | D:2      | 688 ||| INVOKING Spit Poison.
   697 | D:2      | 697 ||| INVOKING Spit Poison.
   698 | D:2      | Found a glowing golden altar of the Shining One.
   743 | D:2      | 743 ||| INVOKING Spit Poison.
   747 | D:2      | 747 ||| INVOKING Spit Poison.
   760 | D:2      | 760 ||| INVOKING Spit Poison.
   806 | D:2      | 806 ||| INVOKING Spit Poison.
   873 | D:2      | 873 ||| INVOKING Spit Poison.
   877 | D:2      | 877 ||| INVOKING Spit Poison.
   951 | D:2      | 951 ||| INVOKING Spit Poison.
  1044 | D:2      | Identified the +8 spear of Coc Her {drain, Dex+3}
  1136 | D:2      | You fall into a shaft and drop 2 floors!
  1137 | D:4      | 1137 ||| UPGRADING to +0 pair of gloves.
  1142 | D:4      | 1142 ||| READING scroll of enchant armour.
  1142 | D:4      | 1142 ||| ENCHANTING +0 pair of gloves.
  1143 | D:4      | 1143 ||| READING scroll labelled NOUFOO HYOTANY.
  1144 | D:4      | 1144 ||| READING scroll labelled FIL POYMAENLO.
  1145 | D:4      | 1145 ||| READING 2 scrolls of identify.
  1145 | D:4      | 1145 ||| IDENTIFYING coppery potion
  1146 | D:4      | 1146 ||| DROPPING potion of brilliance.
  1152 | D:3      | Found a transporter.
  1158 | D:3      | Found a transporter.
  1159 | D:3      | Noticed a small abomination
  1165 | D:3      | 1165 ||| INVOKING Spit Poison.
  1166 | D:3      | Reached skill level 5 in Ranged Weapons
  1277 | D:2      | Found a runed translucent door.
  1278 | D:2      | Noticed Crazy Yiuf
  1533 | D:3      | 1533 ||| INVOKING Spit Poison.
  1534 | D:3      | Reached XP level 4. HP: 39/39 MP: 4/4
  1541 | D:3      | 1541 ||| READING scroll of enchant weapon.
  1541 | D:3      | 1541 ||| ENCHANTING +1 shortbow of freezing.
  1561 | D:3      | 1561 ||| INVOKING Spit Poison.
  1566 | D:3      | 1566 ||| INVOKING Spit Poison.
  1576 | D:3      | Found a broken altar of Ashenzari.
  1580 | D:3      | 1580 ||| INVOKING Spit Poison.
  1583 | D:3      | Reached skill level 3 in Fighting
  1584 | D:3      | 1584 ||| INVOKING Spit Poison.
  1605 | D:3      | 1605 ||| INVOKING Spit Poison.
  1622 | D:3      | 1622 ||| INVOKING Spit Poison.
  1627 | D:3      | 1627 ||| INVOKING Spit Poison.
  1633 | D:3      | Noticed a small abomination
  1672 | D:3      | 1672 ||| INVOKING Spit Poison.
  1675 | D:3      | 1675 ||| INVOKING Spit Poison.
  1677 | D:3      | Reached XP level 5. HP: 49/49 MP: 5/5
  1688 | D:3      | 1688 ||| INVOKING Spit Poison.
  1694 | D:3      | 1694 ||| INVOKING Spit Poison.
  1745 | D:3      | Found a one-way gate to the infinite horrors of the Abyss.
  1757 | D:3      | Noticed qw's ghost (weakling MiHu)
  1873 | D:3      | 1873 ||| INVOKING Spit Poison.
  1911 | D:3      | 1911 ||| INVOKING Spit Poison.
  2100 | D:3      | 2100 ||| INVOKING Spit Poison.
  2140 | D:3      | Noticed a kobold brigand
  2213 | D:3      | 2213 ||| DROPPING ring of flight.
  2214 | D:3      | 2214 ||| READING 2 scrolls of identify.
  2214 | D:3      | 2214 ||| IDENTIFYING inky potion
  2279 | D:4      | 2279 ||| INVOKING Spit Poison.
  2301 | D:4      | 2301 ||| INVOKING Spit Poison.
  2305 | D:4      | 2305 ||| INVOKING Spit Poison.
  2385 | D:4      | Found a blossoming altar of Fedhas.
  2561 | D:4      | 2561 ||| INVOKING Spit Poison.
  2577 | D:4      | Found a hide-covered altar of Uskayaw.
  2623 | D:4      | 2623 ||| INVOKING Spit Poison.
  2642 | D:4      | 2642 ||| INVOKING Spit Poison.
  2666 | D:4      | 2666 ||| INVOKING Spit Poison.
  2670 | D:4      | 2670 ||| INVOKING Spit Poison.
  2671 | D:4      | Reached skill level 6 in Ranged Weapons
  2671 | D:4      | Reached XP level 6. HP: 56/56 MP: 6/6
  2772 | D:4      | 2772 ||| READING scroll of enchant weapon.
  2772 | D:4      | 2772 ||| ENCHANTING +2 shortbow of freezing.
  2832 | D:4      | 2832 ||| INVOKING Spit Poison.
  2885 | D:4      | 2885 ||| INVOKING Spit Poison.
  2905 | D:4      | 2905 ||| INVOKING Spit Poison.
  2908 | D:4      | 2908 ||| INVOKING Spit Poison.
  2912 | D:4      | 2912 ||| INVOKING Spit Poison.
  2921 | D:4      | 2921 ||| INVOKING Spit Poison.
  3038 | D:4      | 3038 ||| READING scroll labelled COAKIFONIS.
  3039 | D:4      | 3039 ||| READING 3 scrolls of identify.
  3039 | D:4      | 3039 ||| IDENTIFYING purple potion
  3040 | D:4      | 3040 ||| READING 2 scrolls of identify.
  3040 | D:4      | 3040 ||| IDENTIFYING fuming black potion
  3041 | D:4      | 3041 ||| DROPPING potion of attraction.
  3048 | D:5      | Entered Level 5 of the Dungeon
  3048 | D:5      | Noticed Duvessa
  3050 | D:5      | 3050 ||| INVOKING Spit Poison.
  3056 | D:5      | 3056 ||| INVOKING Spit Poison.
  3057 | D:5      | 3057 ||| STAIRDANCE
  3057 | D:5      | Killed Duvessa
  3058 | D:5      | Reached XP level 7. HP: 54/66 MP: 7/7
  3139 | D:5      | Noticed Dowan
  3142 | D:5      | 3142 ||| INVOKING Spit Poison.
  3145 | D:5      | 3145 ||| INVOKING Spit Poison.
  3145 | D:5      | Killed Dowan
  3146 | D:5      | Reached skill level 7 in Ranged Weapons
  3149 | D:5      | 3149 ||| INVOKING Spit Poison.
  3208 | D:5      | 3208 ||| INVOKING Spit Poison.
  3239 | D:5      | Found a white marble altar of Elyvilon.
  3254 | D:5      | Found an ancient bone altar of Kikubaaqudgha.
  3318 | D:5      | 3318 ||| INVOKING Spit Poison.
  3386 | D:5      | 3386 ||| INVOKING Spit Poison.
  3390 | D:5      | 3390 ||| INVOKING Spit Poison.
  3396 | D:5      | 3396 ||| INVOKING Spit Poison.
  3400 | D:5      | 3400 ||| INVOKING Spit Poison.
  3425 | D:5      | 3425 ||| INVOKING Spit Poison.
  3432 | D:5      | 3432 ||| INVOKING Spit Poison.
  3435 | D:5      | 3435 ||| INVOKING Spit Poison.
  3440 | D:5      | 3440 ||| INVOKING Spit Poison.
  3444 | D:5      | HP: 13/66 [orc warrior/+0 battleaxe (7)]
  3445 | D:5      | 3445 ||| READING 2 scrolls of teleportation.
  3447 | D:5      | 3447 ||| INVOKING Spit Poison.
  3451 | D:5      | Reached skill level 8 in Ranged Weapons
  3451 | D:5      | Reached XP level 8. HP: 16/73 MP: 8/8
  3473 | D:5      | 3473 ||| INVOKING Spit Poison.
  3478 | D:5      | 3478 ||| INVOKING Spit Poison.
  3718 | D:5      | 3718 ||| INVOKING Spit Poison.
  3722 | D:5      | 3722 ||| INVOKING Spit Poison.
  3844 | D:5      | Found a staircase to the Ecumenical Temple.
  3845 | D:5      | 3845 ||| PLANNING TEMPLE
  3845 | D:5      | 3845 ||| READING 2 scrolls labelled ROSOZI OFALAE.
  3846 | D:5      | 3846 ||| DROPPING scroll of blinking.
  3856 | Temple   | Entered the Ecumenical Temple
  3867 | Temple   | 3867 ||| PLANNING D:1-11
  4214 | D:6      | 4214 ||| INVOKING Spit Poison.
  4239 | D:6      | 4239 ||| INVOKING Spit Poison.
  4355 | D:6      | 4355 ||| INVOKING Spit Poison.
  4358 | D:6      | 4358 ||| INVOKING Spit Poison.
  4362 | D:6      | 4362 ||| INVOKING Spit Poison.
  4368 | D:6      | 4368 ||| INVOKING Spit Poison.
  4371 | D:6      | Reached skill level 9 in Ranged Weapons
  4498 | D:6      | Found a shimmering blue altar of Sif Muna.
  4529 | D:6      | 4529 ||| Stepping ~*~*~tactically~*~*~ (outnumbered).
  4531 | D:6      | 4531 ||| Stepping ~*~*~tactically~*~*~ (outnumbered).
  4532 | D:6      | 4532 ||| INVOKING Spit Poison.
  4539 | D:6      | Reached skill level 1 in Armour
  4540 | D:6      | 4540 ||| INVOKING Spit Poison.
  4692 | D:6      | 4692 ||| INVOKING Spit Poison.
  4693 | D:6      | 4693 ||| INVOKING Spit Poison.
  4717 | D:6      | 4717 ||| INVOKING Spit Poison.
  4721 | D:6      | 4721 ||| INVOKING Spit Poison.
  4879 | D:6      | 4879 ||| INVOKING Spit Poison.
  4884 | D:6      | 4884 ||| INVOKING Spit Poison.
  4889 | D:6      | 4889 ||| INVOKING Spit Poison.
  4898 | D:6      | 4898 ||| INVOKING Spit Poison.
  4914 | D:6      | 4914 ||| INVOKING Spit Poison.
  4918 | D:6      | Reached skill level 6 in Fighting
  4964 | D:6      | 4964 ||| INVOKING Spit Poison.
  4967 | D:6      | 4967 ||| INVOKING Spit Poison.
  4971 | D:6      | 4971 ||| INVOKING Spit Poison.
  4976 | D:6      | Reached XP level 9. HP: 77/82 MP: 9/9
  4979 | D:6      | 4979 ||| INVOKING Spit Poison.
  4983 | D:6      | 4983 ||| INVOKING Spit Poison.
  4989 | D:6      | 4989 ||| INVOKING Spit Poison.
  4996 | D:6      | 4996 ||| INVOKING Spit Poison.
  5001 | D:6      | 5001 ||| INVOKING Spit Poison.
  5002 | D:6      | 5002 ||| INVOKING Spit Poison.
  5264 | D:6      | 5264 ||| INVOKING Spit Poison.
  5268 | D:6      | 5268 ||| INVOKING Spit Poison.
  5306 | D:6      | 5306 ||| INVOKING Spit Poison.
  5310 | D:6      | Reached skill level 3 in Dodging
  5320 | D:6      | 5320 ||| INVOKING Spit Poison.
  5323 | D:6      | 5323 ||| INVOKING Spit Poison.
  5331 | D:6      | 5331 ||| INVOKING Spit Poison.
  5336 | D:6      | 5336 ||| INVOKING Spit Poison.
  5341 | D:6      | 5341 ||| INVOKING Spit Poison.
  5341 | D:6      | HP: 19/82 [sky beast (2)]
  5342 | D:6      | 5342 ||| READING 2 scrolls of teleportation.
  5603 | D:6      | 5603 ||| INVOKING Spit Poison.
  5649 | D:6      | 5649 ||| INVOKING Spit Poison.
  5653 | D:6      | 5653 ||| INVOKING Spit Poison.
  5657 | D:6      | 5657 ||| INVOKING Spit Poison.
  5674 | D:6      | 5674 ||| INVOKING Spit Poison.
  5683 | D:6      | 5683 ||| INVOKING Spit Poison.
  5733 | D:6      | 5733 ||| INVOKING Spit Poison.
  5751 | D:6      | 5751 ||| INVOKING Spit Poison.
  5840 | D:6      | 5840 ||| UPGRADING to amulet of reflection.
  5845 | D:6      | 5845 ||| UPGRADING to +6 ring of strength.
  5846 | D:6      | 5846 ||| READING scroll labelled AKHLAT VIJ WEW.
  5847 | D:6      | 5847 ||| READING scroll labelled USUXKE FUTU.
  5968 | D:6      | 5968 ||| DRINKING 2 sedimented ruby potions.
  5969 | D:6      | 5969 ||| DROPPING potion of enlightenment.
  6052 | D:7      | Reached skill level 10 in Ranged Weapons
  6084 | D:7      | Found Kuodahakk's Antique Weapon Boutique.
  6213 | D:7      | 6213 ||| INVOKING Spit Poison.
  6218 | D:7      | 6218 ||| INVOKING Spit Poison.
  6310 | D:7      | 6310 ||| INVOKING Spit Poison.
  6316 | D:7      | 6316 ||| INVOKING Spit Poison.
  6380 | D:7      | 6380 ||| INVOKING Spit Poison.
  6384 | D:7      | 6384 ||| INVOKING Spit Poison.
  6391 | D:7      | 6391 ||| INVOKING Spit Poison.
  6398 | D:7      | 6398 ||| INVOKING Spit Poison.
  6596 | D:7      | 6596 ||| INVOKING Spit Poison.
  6766 | D:7      | 6766 ||| INVOKING Spit Poison.
  6888 | D:7      | 6888 ||| INVOKING Spit Poison.
  6891 | D:7      | 6891 ||| Stepping ~*~*~tactically~*~*~ (cloud).
  6892 | D:7      | 6892 ||| Stepping ~*~*~tactically~*~*~ (cloud).
  6893 | D:7      | 6893 ||| INVOKING Spit Poison.
  6897 | D:7      | 6897 ||| INVOKING Spit Poison.
  7239 | D:7      | 7239 ||| READING 2 scrolls labelled GARRIBB FULLAS.
  7240 | D:7      | 7240 ||| DRINKING 3 puce potions.
  7241 | D:7      | 7241 ||| READING 2 scrolls of identify.
  7241 | D:7      | 7241 ||| IDENTIFYING brown potion
  7242 | D:7      | 7242 ||| DROPPING scroll of noise.
  7315 | D:8      | 7315 ||| INVOKING Spit Poison.
  7321 | D:8      | 7321 ||| INVOKING Spit Poison.
  7328 | D:8      | 7328 ||| INVOKING Spit Poison.
  7332 | D:8      | 7332 ||| INVOKING Spit Poison.
  7334 | D:8      | HP: 19/86 [bullfrog (7)]
  7335 | D:8      | 7335 ||| READING scroll of teleportation.
  7335 | D:8      | HP: 7/86 [sleepcap (5)]
  7335 | D:8      | HP: 2/86 [orc wizard/+0 dagger (5)]
  7336 | D:8      | 7336 ||| DRINKING 2 potions of heal wounds.
  7337 | D:8      | Reached skill level 11 in Ranged Weapons
  7337 | D:8      | Reached XP level 10. HP: 18/94 MP: 10/10
  7337 | D:8      | 7337 ||| DRINKING potion of heal wounds.
  7554 | D:8      | Found an iron altar of Okawaru.
  7555 | D:8      | 7555 ||| PLANNING OKAWARU WORSHIP
  7560 | D:8      | 7560 ||| INVOKING Spit Poison.
  7566 | D:8      | Became a worshipper of Warmaster Okawaru
  7566 | D:8      | 7566 ||| PLANNING D:1-11
  7577 | D:8      | 7577 ||| INVOKING Spit Poison.
  7631 | D:8      | Found a glowing silver altar of Zin.
  7672 | D:8      | 7672 ||| INVOKING Spit Poison.
  7675 | D:8      | 7675 ||| INVOKING Spit Poison.
  7682 | D:8      | 7682 ||| INVOKING Spit Poison.
  7685 | D:8      | Reached * piety under Okawaru
  7686 | D:8      | 7686 ||| INVOKING Heroism.
  7687 | D:8      | 7687 ||| INVOKING Spit Poison.
  7693 | D:8      | 7693 ||| INVOKING Spit Poison.
  7693 | D:8      | HP: 22/94 [kobold brigand/+0 short sword (5)]
  7927 | D:8      | Found the sphere of Battle
  8205 | D:8      | 8205 ||| INVOKING Spit Poison.
  8253 | D:8      | 8253 ||| SWAPPING to +0 orcbow.
  8254 | D:8      | 8254 ||| DROPPING +3 shortbow of freezing.
  8432 | D:8      | 8432 ||| UPGRADING to +2 robe of positive energy.
  8442 | D:8      | 8442 ||| DROPPING +0 leather armour.
  8443 | D:8      | 8443 ||| READING 4 scrolls of identify.
  8443 | D:8      | 8443 ||| IDENTIFYING white potion
  8444 | D:8      | 8444 ||| READING 3 scrolls of identify.
  8444 | D:8      | 8444 ||| IDENTIFYING fizzy dark potion
  8474 | D:9      | 8474 ||| INVOKING Spit Poison.
  8480 | D:9      | 8480 ||| INVOKING Spit Poison.
  8484 | D:9      | 8484 ||| INVOKING Spit Poison.
  8491 | D:9      | 8491 ||| INVOKING Spit Poison.
  8601 | D:9      | 8601 ||| INVOKING Spit Poison.
  8612 | D:9      | 8612 ||| INVOKING Spit Poison.
  8617 | D:9      | 8617 ||| INVOKING Spit Poison.
  8624 | D:9      | 8624 ||| INVOKING Spit Poison.
  8648 | D:9      | 8648 ||| INVOKING Spit Poison.
  8652 | D:9      | 8652 ||| INVOKING Spit Poison.
  8653 | D:9      | 8653 ||| INVOKING Heroism.
  8672 | D:9      | 8672 ||| INVOKING Spit Poison.
  8714 | D:9      | Identified the +5 shortbow "Iwentair" {elec, Int+7}
  8714 | D:9      | Noticed a skeletal warrior
  8715 | D:9      | 8715 ||| INVOKING Heroism.
  8716 | D:9      | HP: 20/96 [skeletal warrior/arrow (20)]
  8717 | D:9      | 8717 ||| DRINKING potion of heal wounds.
  8721 | D:9      | HP: 3/96 [skeletal warrior/arrow (19)]
  8721 | D:9      | Shot with an arrow by a skeletal warrior

Levels and vault maps discovered:
D:1:      lightli_arrival_chessboard, layout_loops_ring, minmay_misc_feat_x
D:2:      layout_loops_ring, basic_altar, uniq_crazy_yiuf_cottage
D:3:      layout_loops_ring, mainiacjoe_overflow_brackets,
          gammafunk_ghost_abyssal_escape, serial_bayou_ford_a,
          chequers_serial_rivers_small_3
D:4:      layout_basic, lemuel_doored_altar, pf_just_have_faith
D:5:      layout_loops_ring, mainiacjoe_overflow_catch_the_wave,
          minmay_temple_entry_proselytizer, uniq_duvessa
D:6:      minmay_chambers_of_threes, layout_loops_cross,
          nicolae_sif_muna_condensation, roderic_serpentine_path
D:7:      layout_layer_cave, serial_shops, shop
D:8:      layout_gridville, nicolae_overflow_crystal_walls, old_standard_altar,
          minmay_misc_feat_pillars, hellmonk_guarded_unrand_sphere_of_battle
D:9:      minmay_the_grid_triangle_9x9_rhombus_thin
          [minmay_the_grid_triangle_9x9_minimal,
          minmay_the_grid_triangle_9x9_prize_center,
          minmay_the_grid_triangle_9x9_semitri,
          minmay_the_grid_triangle_9x9_dagger], layout_rooms, orc_0_dummy,
          amcnicky_mini_rare_corridor_liquid, moated_statue, uniq_gastronok,
          uniq_erica
Temple:   minmay_freezing_vapour_temple

Skill      XL: |  1  2  3  4  5  6  7  8  9 10 |
---------------+-------------------------------+-----
Ranged Weapons | 4 5 6 8 9 11 | 11.3
Fighting       | 3 4 6 7 8 |  8.0
Dodging        | 2 3 4 |  4.3
Armour         | 1 |  1.1
Stealth        | |  1.5
Invocations    | |  0.1

Action                     |  1- 3 |  4- 6 |  7- 9 | 10-12 || total
---------------------------+-------+-------+-------+-------++-------
   Fire: Shortbow          |    70 |    78 |   342 |    49 ||   539
         Orcbow            |       |       |       |    49 ||    49
 Invoke: Heroism           |       |       |       |     3 ||     3
Ability: Spit Poison       |    30 |    30 |    75 |    19 ||   154
    Use: Scroll            |    11 |     6 |     8 |     2 ||    27
         Potion            |       |       |     3 |     2 ||     5
 Armour: Leather armour    |     4 |     5 |    64 |     7 ||    80
         Robe              |       |       |       |    15 ||    15
  Dodge: Dodged            |     8 |    14 |   136 |    48 ||   206
  Block: Other             |       |       |    20 |    23 ||    43
         Reflection        |       |       |     1 |     3 ||     4

Table legend:
 A = Non-vault XP
 B = Vault XP
 C = Vault XP percentage of total XP
 D = Non-vault monster count
 E = Vault monster count
 F = Vault count percentage of total count
                 A         B        C        D         E       F
            +---------+---------+-------+---------+---------+-------
      Total |    4636 |    1947 |  29.6 |     182 |      23 |  11.2
            +---------+---------+-------+---------+---------+-------
        D:1 |      55 |       0 |   0.0 |      30 |       0 |   0.0
        D:2 |      25 |       0 |   0.0 |      14 |       0 |   0.0
        D:3 |     158 |       0 |   0.0 |      24 |       0 |   0.0
        D:4 |     359 |       0 |   0.0 |      16 |       0 |   0.0
        D:5 |     727 |     265 |  26.7 |      15 |       3 |  16.7
        D:6 |     943 |     599 |  38.8 |      37 |      12 |  24.5
        D:7 |    1181 |       0 |   0.0 |      23 |       0 |   0.0
        D:8 |     838 |     670 |  44.4 |      17 |       2 |  10.5
        D:9 |     350 |     413 |  54.1 |       6 |       6 |  50.0
            +---------+---------+-------+---------+---------+-------
